 Dungeon Crawl Stone Soup version 0.31.0-32-g396128a36d (webtiles) character file.

Game seed: 8778541572639561052

51 monsoonserge the Magician (level 4, -6/31 HPs)
             Began as a Djinni Alchemist on Mar 26, 2024.
             Splashed by a jelly's acid (7 damage)
             ... on level 3 of the Dungeon.
             The game lasted 00:07:32 (1456 turns).

monsoonserge the Magician (Djinni Alchemist)        Turns: 1456, Time: 00:07:33

Health: -6/31      AC: -7    Str:  7    XL:     4   Next: 5%
Gold:   85         EV: 12    Int: 19    God:
                   SH:  0    Dex: 13

rFire   + + .        j - +0 orcbow
rCold   x . .        (shield currently unavailable)
rNeg    . . .        h - +0 leather armour
rPois   ∞            n - +0 helmet
rElec   .            (no cloak)
rCorr   .            (no gloves)
SInv    .            (boots unavailable)
Will    .....        (no amulet)
Stlth   ++           (no ring)
HPRegen 0.25/turn    (no ring)
MPRegen 0.00/turn

%: infuse magic (-7 HP)
@: corroded, flying
A: sickness immunity, fire resistance 2, cold vulnerability 1, float, innate
caster, HP casting, extra vitality 1
a: no special abilities


You were on level 3 of the Dungeon.
You visited 1 branch of the dungeon, and saw 4 of its levels.

You collected 85 gold pieces.

Inventory:

Hand Weapons
 j - a +0 orcbow (weapon)
Armour
 a - a +0 robe
 d - a +0 scale mail
 h - a +0 leather armour (worn)
 k - a +2 tower shield
 n - a +0 helmet (worn)
Magical Staves
 l - a staff of fire
 m - a staff of conjuration
Scrolls
 b - a scroll of poison
 c - a scroll of fear {unknown}
 e - a scroll of revelation
 g - a scroll of noise
 o - a scroll of blinking


   Skills:
 + Level 0.1 Fighting
 + Level 1.2 Armour
 + Level 2.9 Dodging
 - Level 2.0 Stealth
 * Level 3.4 Spellcasting
 * Level 3.4 Conjurations
 * Level 3.4 Hexes
 * Level 3.4 Summonings
 * Level 3.4 Necromancy
 * Level 3.4 Translocations
 * Level 3.4 Fire Magic
 * Level 3.4 Ice Magic
 * Level 3.4 Air Magic
 * Level 3.4 Earth Magic
 * Level 3.4 Alchemy


You knew the following spells:

 Your Spells              Type           Power      Damage    Failure   Level
a - Sting                 Conj/Alch      64%        1d7       5%          1
b - Mercury Vapours       Alch/Air       32%        N/A       8%          2
c - Mephitic Cloud        Conj/Alch/Air  16%        N/A       16%         3
d - Olgreb's Toxic Radia  Alch           16%        N/A       45%         4
e - Sticky Flame          Fire/Alch      16%        2d5       45%         4
f - Summon Small Mammal   Summ           64%        N/A       5%          1
Your spell library was empty.

Dungeon Overview and Level Annotations

Branches:
Dungeon (4/15)
 Temple: D:4-7

Altars:

Annotations:
D:3 Robin


Innate Abilities, Weirdness & Mutations

You are immune to sickness and miasma.
You are immune to poison.
Your flesh is very heat resistant. (rF++)
You are vulnerable to cold. (rC-)
You float through the air rather than walking.
You learn spells naturally, not from books.
Your magical power is your life essence.
You have superior vitality. (+4 MHP)


Message History

The jelly hits you.
You are splashed with acid!
* * * LOW HITPOINT WARNING * * *
The goblin hits you with a +0 club.
* * * LOW HITPOINT WARNING * * *
Your rat bites the jelly.
Your rat seems to be corroded for longer.
Your rat is burned by acid!
Your rat dies!
Your rat's corpse disappears in a puff of smoke!
Okay, then.
It was a potion of heal wounds.
You feel much better. The jelly hits you. The acid corrodes you!
You are splashed with acid!
The goblin misses you.
Your quokka completely misses the jelly.
Casting: Summon Small Mammal (safe; 5% risk of failure)
Confirm with . or Enter, or press ? or * to list all spells.
Aiming: Mercury Vapours (safe; 8% risk of failure)
Press: ? - help, Dir - move target, f/p - goblin
Aim: a goblin, wielding a +0 dagger (very poisoned, weak, chance to weaken: 100%) Fumes of mercury billow around the goblin!
The goblin looks even sicker.
The goblin looks even weaker.
The goblin looks weaker. x2; The jelly hits you.
The acid corrodes you!
You are splashed with acid!
* * * LOW HITPOINT WARNING * * *
The goblin hits you with a +0 club.
* * * LOW HITPOINT WARNING * * *
Your quokka bites the jelly.
Your quokka is burned by acid!
Casting: Mercury Vapours (safe; 8% risk of failure)
Confirm with . or Enter, or press ? or * to list all spells.
Aiming: Sting (safe; 5% risk of failure)
Press: ? - help, Shift-Dir - straight line, f/p - goblin
Aim: a goblin, wielding a +0 dagger (severely wounded, very poisoned, weak, 67% to hit)
The sting misses the goblin.
The sting hits the goblin.
The goblin looks as sick as possible!
You kill the goblin!
* * * LOW HITPOINT WARNING * * *
The jelly hits you.
* * * LOW HITPOINT WARNING * * *
The acid corrodes you!
You are splashed with acid!
You die...

#.# #.# #.# #.. #.#
#.# #.# ##.# #.# ..#
#.###### #.#
###......##
#.#######...........
#.#
#...g)g@Jr######.###
#.# #.######### #
#g###.# #g. .g#
gg....# ####g######
#.....$...# #<.#
#..#


You could see a jelly (ally target), 2 goblins and a friendly quokka (summoned).

Vanquished Creatures
  An adder (D:1)
  3 dart slugs
  A bat (D:2)
  4 endoplasms
  2 giant cockroaches (D:1)
  4 goblins
  6 hobgoblins
  A quokka (D:1)
  6 ball pythons
  A frilled lizard (D:1)
  A kobold (D:2)
  3 rats (D:1)
33 creatures vanquished.

Notes
Turn   | Place    | Note
-------+----------+-------------------------------------------
     0 | D:1      | monsoonserge the Djinni Alchemist began the quest for the
                  | Orb.
     0 | D:1      | monsoonserge set off with the following spells memorised:
                  | Sting, Mercury Vapours, Mephitic Cloud, Olgreb's Toxic
                  | Radiance, Sticky Flame.
     0 | D:1      | Reached XP level 1. HP: 15/15 MP: 0/0
   196 | D:1      | Reached XP level 2. HP: 7/21 MP: 0/0
   900 | D:2      | Reached XP level 3. HP: 22/25 MP: 0/0
   900 | D:2      | Learned a level 1 spell: Summon Small Mammal
   937 | D:1      | Reached skill level 1 in Armour
  1268 | D:3      | Noticed Robin
  1274 | D:2      | Reached XP level 4. HP: 21/31 MP: 0/0
  1448 | D:4      | Noticed a phantom
  1456 | D:3      | HP: 1/31 [jelly (3)]
  1456 | D:3      | Splashed by a jelly's acid

Illustrated notes

Levels and vault maps discovered:
D:1:      saegor_arrival_simple_c, layout_loops_ring,
          wander_ebering_terrifying_dragon_lair
D:2:      layout_rooms, chequers_serial_rivers_micro_b, solitary_fountain
D:3:      kennysheep_the_goblin_king, layout_loops_ring,
          grunt_temple_overflow_order_and_chaos_1, led_sif_pool,
          nicolae_gozag_cash_rules_everything_around_me,
          mainiacjoe_overflow_small_starburst, dancing_weapons_uskayaw,
          uniq_robin, uniq_terence
D:4:      layout_rooms, mainiacjoe_overflow_surrounded_room,
          nicolae_dithmenos_the_darkroom

Skill      XL: |  1  2  3 |
---------------+----------+-----
Armour         | 1 |  1.2
Stealth        | 2 |  2.0
Fighting       | |  0.1
Dodging        | |  2.9
Spellcasting   | |  3.4
Conjurations   | |  3.4
Hexes          | |  3.4
Summonings     | |  3.4
Necromancy     | |  3.4
Translocations | |  3.4
Fire Magic     | |  3.4
Ice Magic      | |  3.4
Air Magic      | |  3.4
Earth Magic    | |  3.4
Alchemy        | |  3.4

Action                     |  1- 3 |  4- 6 || total
---------------------------+-------+-------++-------
  Melee: Unarmed           |     1 |       ||     1
   Fire: Orcbow            |    13 |     8 ||    21
   Cast: Sting             |    51 |     3 ||    54
         Mephitic Cloud    |     1 |       ||     1
         Summon Small Mamm |       |     2 ||     2
         Mercury Vapours   |       |     2 ||     2
    Use: Scroll            |       |     4 ||     4
         Potion            |       |     2 ||     2
 Armour: Robe              |     5 |       ||     5
         Leather armour    |    20 |    21 ||    41
  Dodge: Dodged            |    23 |    13 ||    36
